 Dungeon Crawl Stone Soup version 0.18-a0-1126-ga2d7f46 (webtiles) character file.

42 M4edhros the Charlatan (level 3, -2/23 HPs)
             Began as an Octopode Artificer on Jan 20, 2016.
             Slain by a giant frog skeleton (6 damage)
             ... on level 4 of the Dungeon.
             The game lasted 00:01:28 (633 turns).

M4edhros the Charlatan (Octopode Artificer)          Turns: 633, Time: 00:01:28

Health: -2/23      AC:  1    Str: 10    XL:     3   Next: 54%
Magic:  5/5        EV: 12    Int: 15    God:
Gold:   22         SH:  0    Dex: 12    Spells: 0 memorised, 2 levels left

rFire  . . .     SeeInvis .     e - +0 spear
rCold  . . .     Gourm    .     (no shield)
rNeg   . . .     Faith    .     (helmet restricted)
rPois  .         Spirit   .     (no amulet)
rElec  .         Dismiss  .     (no ring)
rCorr  .         Reflect  .     (no ring)
SustAt .         Harm     .     (no ring)
MR     .....                    (no ring)
Stlth  +++.......               (no ring)
                                (no ring)
                                (no ring)
                                (no ring)

@: not resistant to hostile enchantments, fairly stealthy
A: almost no armour, amphibious, 8 rings, constrict 8, camouflage 1, gelatinous
body 1
a: no special abilities


You were on level 4 of the Dungeon.
You were not hungry.

You visited 1 branch of the dungeon, and saw 4 of its levels.

You collected 22 gold pieces.

Inventory:

Hand Weapons
 a - a +0 short sword
 e - a +0 spear (weapon)
Missiles
 j - 4 curare-tipped needles
 l - 44 stones (quivered)
Wands
 b - a wand of flame (14/48)
 c - a wand of enslavement (15/24)
 d - a wand of random effects (15/48)
Scrolls
 i - 3 scrolls of identify {unknown}
 k - a scroll of remove curse {unknown}
 m - a scroll of teleportation {unknown}
 n - a scroll of blinking {unknown}
Potions
 g - a potion of ambrosia {unknown}
Comestibles
 f - a bread ration
 h - a beef jerky


   Skills:
 - Level 1.0 Fighting
 - Level 1.0 Short Blades
 * Level 2.5 Dodging
 * Level 3.2 Stealth
 + Level 3.8 Evocations


You had 2 spell levels left.
You didn't know any spells.

Dungeon Overview and Level Annotations

Branches:
Dungeon (4/15)
 Temple: D:4-7

Altars:


Innate Abilities, Weirdness & Mutations

You cannot wear most types of armour.
You are amphibious.
You can wear up to eight rings at the same time.
You can use your tentacles to constrict eight enemies at once.
Your skin changes colour to match your surroundings (Stealth).
Your rubbery body absorbs attacks (AC +1).


Message History

Found 20 stones.
A giant frog skeleton comes into view.
Found 13 gold pieces.
The giant frog skeleton closely misses you.
You hit the giant frog skeleton but do no damage.
You grab the giant frog skeleton. You squeeze the giant frog skeleton.
You constrict the giant frog skeleton. The giant frog skeleton hits you.
You hit the giant frog skeleton but do no damage.
You constrict the giant frog skeleton. The giant frog skeleton hits you!
* * * LOW HITPOINT WARNING * * *
The giant frog skeleton hits you.
* * * LOW HITPOINT WARNING * * *
Evoke which item? (* to show all) (? for menu, Esc to quit)
Zapping:
b - a wand of flame (15/48)
Press: ? - help, Shift-Dir - straight line, f - giant frog skeleton
Aim: a giant frog skeleton (constricted by you)
The puff of flame hits the giant frog skeleton.
This wand has 14 charges left.
You constrict the giant frog skeleton. The giant frog skeleton hits you.
You die...

....# .....#
#.#.. .$..# .#
#... ... ...
#.## #Z### ...
#.@.#
#.###.#.#######
#.....#........
#..###.######.
#......#
#..###.# ..
##.# #.# # ..
###.###.... ..
#.......... ..


You could see a giant frog skeleton.

Vanquished Creatures
  Ijyb (D:2)
  2 oozes
  An orc (D:3)
  2 goblins
  A hobgoblin (D:1)
  A bat (D:2)
  A rat (D:1)
9 creatures vanquished.

Notes
Turn   | Place    | Note
--------------------------------------------------------------
     0 | D:1      | M4edhros the Octopode Artificer began the quest for the Orb.
     0 | D:1      | Reached XP level 1. HP: 13/13 MP: 3/3
   124 | D:1      | Reached XP level 2. HP: 15/18 MP: 4/4
   253 | D:2      | Noticed Ijyb
   263 | D:2      | Killed Ijyb
   263 | D:2      | Reached XP level 3. HP: 16/23 MP: 5/5
   633 | D:4      | Slain by a giant frog skeleton

Vault maps used:
D:1:      minmay_arrival_semitransparent
D:2:      minmay_misc_feat_room, uniq_terence, uniq_iyjb
D:3:      portal_sewer_entry_b, hangedman_decor_peaks_small
D:4:      gammafunk_temple_overflow_statue, temple_statues,
          hangedman_abyss_or_decor_stabs, mrwooster_statue_mirror,
          johnstein_pakellas_death_squad

Action                   || total
-------------------------++-------
Melee: Spear             ||    33
Evoke: Wand              ||     1
 Stab: Sleeping          ||     6
